Unix NetHack Version 5.0.0-0 post-release - last build Jun 10 2026 00:39:30 (3ee93aec679c4c4259841fe613dc97188e26a321,branch:main).

Game began 2026-06-10 12:18:10, ended 2026-06-11 14:30:35.

Anarchos, lawful female dwarven Valkyrie

          ----
       .---..|
       -@...--
       |.s.--       ---
         ..----   ---...
         .....-----......
         .---............+
             -..---.  .....
                      ......                     ...
                      -......                    ....-
                       -......                   -...---
                       ........                  --....---
                        .......                   |......|
                            ...                  --......|
                                                 |.......|
                                                 --..|.---
                                                  ------
Anarchos the Fighter        St:10 Dx:12 Co:16 In:9 Wi:14 Ch:12  Lawful
Dlvl:7  $:0  HP:0(68) Pw:12(12) AC:2  Xp:7 T:6430  Hungry  

Latest messages:
 Z - a dark green potion.
 What do you want to drop? [a-gj-lnp-rt-vyzB-DF-KM-OQ-UW-Z or ?*] Y
 You drop a giant rat corpse.
 A trap door opens up under you!
 You learn more about your items by comparing them.
 t - an uncursed green gem (2 in total).
 The fire ant bites!
 The fire ant just misses!
 You hit the fire ant.
 The fire ant bites!
 The fire ant bites again!
 You're on fire!
 You miss the fire ant.
 The fire ant bites!
 The fire ant misses!
 You hit the fire ant!
 The fire ant bites!
 The fire ant bites again!
 You're on fire!
 You miss the fire ant.
 You miss the fire ant.
 The fire ant misses!
 The fire ant just misses!
 You miss the fire ant.
 The fire ant bites!
 The fire ant bites again!
 You avoid harm.
 You miss the fire ant.
 The fire ant bites!
 The fire ant misses!
 You miss the fire ant.
 The fire ant bites!
 The fire ant bites again!
 You're on fire!
 The fire ant bites!
 The fire ant bites again!
 You're on fire!
 What do you want to read? [deBFQR or ?*] F
 As you read the scroll, it disappears.
 You materialize in a different location!
 The giant spider misses!
 You swap places with the peaceful gnome.
 You are beginning to feel hungry.
 The giant spider bites!
 You hit the giant spider!
 The giant spider just misses!
 The giant spider bites!
 You die...
 Do you want your possessions identified? [ynq] (y) y
 Do you want to see your attributes? [ynq] (y) q

Inventory:
 Amulets  ('"')
  k - an uncursed amulet of strangulation
 Weapons  (')')
  l - 2 +1 darts
  z - a blessed +1 dagger (at the ready)
  f - a +0 dagger
  a - a greased rusty +2 dwarvish spear (weapon in right hand)
  b - a +0 elven dagger
  X - 2 blessed +0 orcish daggers
  G - 4 +0 orcish daggers
 Armor    ('[')
  y - an uncursed +0 orcish helm
  W - an uncursed +0 orcish helm (being worn)
  q - an uncursed +0 pair of high boots (being worn)
  u - an uncursed burnt +0 pair of low boots
  p - an uncursed +0 pair of water walking boots
  c - an uncursed greased +3 small shield (being worn)
  r - an uncursed +0 cloak of displacement (being worn)
  g - an uncursed +0 mummy wrapping
 Comestibles  ('%')
  N - an uncursed slime mold
 Scrolls  ('?')
  d - 2 uncursed scrolls of amnesia
  R - a cursed scroll of destroy armor
  Q - a cursed scroll of teleportation
 Spellbooks  ('+')
  B - an uncursed spellbook of blank paper
  e - an uncursed spellbook of levitation
 Potions  ('!')
  J - an uncursed potion of oil
  T - an uncursed potion of see invisible
  Z - an uncursed potion of speed
 Rings    ('=')
  M - an uncursed ring of conflict
  S - an uncursed +1 ring of gain constitution
 Wands    ('/')
  O - a wand of striking (0:6)
 Tools    ('(')
  U - an uncursed wooden flute
  v - a can of grease (0:8)
  n - an uncursed leash
  K - an uncursed magic whistle
 Gems/Stones  ('*')
  H - an uncursed garnet stone
  t - 2 uncursed worthless pieces of green glass
  I - 2 uncursed worthless pieces of orange glass
  j - 2 uncursed worthless pieces of violet glass
  C - an uncursed worthless piece of white glass
  D - 2 uncursed worthless pieces of yellowish brown glass

Anarchos the Valkyrie's attributes:

Background:
 You were a Fighter, a level 7 dwarven Valkyrie.
 You were lawful, on a mission for Tyr
 who was opposed by Odin (neutral) and Loki (chaotic).
 You were right-handed.
 You were in the Gnomish Mines, on level 7.
 You entered the dungeon 6430 turns ago.
 You had 707 experience points, 573 more were needed to attain level 8.

Basics:
 You had 0 out of 68 hit points.
 You had all 12 energy points (spell power).
 Your armor class was 2.
 Your wallet was empty.
 Autopickup was on for all types.

Final Characteristics:
 Your strength was 10 (peak:14, limit:18/100).
 Your dexterity was 12 (limit:20).
 Your constitution was 16 (limit:20).
 Your intelligence was 9 (limit:16).
 Your wisdom was 14 (limit:16).
 Your charisma was 12 (limit:16).

Final Status:
 You were hungry.
 You were unencumbered.
 You were wielding a spear.
 You had basic skill with spear.

Final Attributes:
 You were piously aligned.
 You were cold resistant.
 You had infravision.
 You were displaced.
 You were stealthy.
 You were warded.
 You were fast.
 You were unlucky.
 Tyr was angry with you.
 You are dead.

Miscellaneous:
 You didn't encounter any bones levels.
 Total elapsed playing time was 3 hours, 41 minutes and 52 seconds.

Major events:
 Turn
    1: Anarchos the lawful dwarven Valkyrie entered the dungeon
 1832: attained the rank of Skirmisher (level 3)
 4875: attained the rank of Fighter (level 6)
 5935: entered the Gnomish Mines
 6430: killed by a giant spider

Spells:
 Name                 Level Category     Fail Retention
 levitation             4   escape       100%    (gone)

Skills:
 Fighting Skills
   bare handed combat [Unskilled]
   two weapon combat  [Unskilled]
   riding             [Unskilled]
 Weapon Skills
   dagger             [Basic]
   axe                [Unskilled]
   pick-axe           [Unskilled]
   short sword        [Unskilled]
   broadsword         [Unskilled]
   long sword         [Unskilled]
   two-handed sword   [Unskilled]
   saber              [Unskilled]
   hammer             [Unskilled]
   quarterstaff       [Unskilled]
   polearms           [Unskilled]
   spear              [Basic]
   trident            [Unskilled]
   lance              [Unskilled]
   sling              [Unskilled]
 Spellcasting Skills
   attack spells      [Unskilled]
   escape spells      [Unskilled]

Voluntary challenges:
 Character rerolling was not enabled.
 You never genocided any monsters.
 You never polymorphed an object.
 You never changed form.
 You used no wishes.
Achievements:
 You entered a shop.
 You attained the rank of Skirmisher.
 You attained the rank of Fighter.
 You entered the Gnomish Mines.

 The Dungeons of Doom: levels 1 to 7
    Level 1:
    Level 2:
       An armor shop, a fountain.
    Level 3:
       A bookstore, an altar to Tyr.
    Level 4:
       A sink, a grave.
       Stairs down to The Gnomish Mines.
    Level 5:
       Some fountains.
    Level 6:
       A fountain.
    Level 7:
 The Gnomish Mines: levels 5 to 7
    Level 5:
    Level 6:
    Level 7: <- You were here.
       Final resting place for
          you, killed by a giant spider.


Vanquished creatures:
  a large dog
  2 leprechauns
  2 lizards
  a gnome mummy
  2 water moccasins
  2 rock piercers
  a rock mole
  a pony
  a yellow light
  a violet fungus
  a gnome leader
  a gnomish wizard
  2 kobold mummies
  2 gray oozes
  a straw golem
  2 giant ants
  3 floating eyes
  a kobold leader
  a hill orc
  8 rothes
  2 centipedes
  a giant bat
 an orc zombie
  5 dwarf zombies
  4 iguanas
  3 killer bees
  4 acid blobs
  2 gas spores
  2 hobbits
  2 hobgoblins
  3 giant rats
  2 cave spiders
  a brown mold
  a yellow mold
  4 gnomes
  2 garter snakes
  2 gnome zombies
  4 geckos
  8 jackals
  2 foxes
  a kobold
  6 goblins
  3 sewer rats
  9 grid bugs
  3 bats
  7 lichens
  3 kobold zombies
 13 newts
136 creatures vanquished.

No species were genocided or became extinct.

Game over:
                       ----------
                      /          \
                     /    REST    \
                    /      IN      \
                   /     PEACE      \
                  /                  \
                  |     Anarchos     |
                  |       0 Au       |
                  |   killed by a    |
                  |   giant spider   |
                  |                  |
                  |                  |
                  |       2026       |
                 *|     *  *  *      | *
        _________)/\\_//(\/(/\)/\//\/|_)_______

Farvel Anarchos the Valkyrie...

You died in The Gnomish Mines on dungeon level 7 with 3198 points,
and 0 pieces of gold, after 6430 moves.
You were level 7 with a maximum of 68 hit points when you died.

